 Dungeon Crawl Stone Soup version 0.26-a0-690-gcb57259078 (webtiles) character file.

Game seed: 8970023755405781374

44 dragoon the Skirmisher (level 3, -1/33 HPs)
             Began as a Palentonga Delver on Oct 23, 2020.
             Slain by a big kobold (5 damage)
             ... in a sewer.
             The game lasted 00:04:54 (679 turns).

dragoon the Skirmisher (Palentonga Delver)           Turns: 679, Time: 00:04:54

Health: -1/33      AC:  4    Str: 15    XL:     3   Next: 39%
Magic:  3/3        EV:  9    Int: 10    God:
Gold:   52         SH:  0    Dex: 12    Spells: 2/2 levels left

rFire    . . .     SeeInvis +   a - +0 hand axe
rCold    . . .     Faith    .   (no shield)
rNeg     . . .     Spirit   .   b - +0 leather armour
rPois    .         Reflect  .   (no helmet)
rElec    .         Harm     .   (no cloak)
rCorr    .         Rampage  .   (no gloves)
MR       .....                  (no barding)
Stlth    ++........             (no amulet)
HPRegen  0.11/turn              (no ring)
MPRegen  0.08/turn              (no ring)

@: no status effects
A: large, rugged brown scales 3, see invisible, deformed body, roll, armoured
tail
a: Rolling Charge


You were in a sewer.
You visited 1 branch of the dungeon, and saw 2 of its levels.
You also visited: Sewer.

You collected 52 gold pieces.

Inventory:

Hand Weapons
 a - a +0 hand axe (weapon)
Armour
 b - a +0 leather armour (worn)
Wands
 g - a wand of digging (3)
Scrolls
 c - a scroll of fog


   Skills:
 - Level 3.5 Fighting
 * Level 3.3 Axes
 - Level 1.5 Dodging
 - Level 3.3 Stealth


You had 2 spell levels left.
You didn't know any spells.
Your spell library was empty.

Dungeon Overview and Level Annotations

Branches:
Dungeon (5/15)             Temple (0/1) D:5           Sewer (1/1)

Altars:

Annotations:
D:5 exclusions: adder and orc priest


Innate Abilities, Weirdness & Mutations

You are completely covered in rugged brown scales. (AC +3, +7% HP)
You have supernaturally acute eyesight. (SInv)
Armour fits poorly on your strangely shaped body.
You can roll at foes to attack.
You have a long armoured tail.


Message History

The big kobold barely misses you.
Unknown command.
You hit the big kobold.
The big kobold is severely wounded.
The big kobold barely misses you.
Unknown command.
You hit the big kobold but do no damage.
The big kobold is severely wounded.
The big kobold hits you.
* * * LOW HITPOINT WARNING * * *
Unknown command.
You miss the big kobold.
The big kobold is severely wounded.
The big kobold hits you.
* * * LOW HITPOINT WARNING * * *
Unknown command.
You hit the big kobold.
The big kobold is severely wounded.
The big kobold closely misses you. The big kobold hits you.
You die...

K. ####.#### #..≈≈...#
#..≈≈≈≈≈# #.≈≈≈≈≈≈#
#≈≈≈≈≈≈≈# #.≈≈≈≈≈≈#
#.≈≈≈≈≈≈# #.≈K≈≈@≈#
#.≈K≈≈K(###############
#..≈≈≈≈≈≈()((≈≈≈(≈≈≈≈≈≈
#..≈≈≈..###############
##≈≈≈≈≈## #.≈≈≈.#
###.≈≈≈.# #∩..≈≈≈.#
###.≈≈≈.#


You could see a big kobold and 2 kobolds.

Vanquished Creatures
  A hound skeleton (D:5)
  2 river rats (Sewer)
  An orc (D:5)
  A ball python (D:5)
  3 giant cockroaches (D:5)
  A jackal (Sewer)
  A kobold (Sewer)
  2 rats (Sewer)
12 creatures vanquished.

Notes
Turn   | Place    | Note
-------+----------+-------------------------------------------
     0 | D:5      | dragoon the Palentonga Delver began the quest for the Orb.
     0 | D:5      | Reached XP level 1. HP: 20/20 MP: 1/1
     0 | D:5      | Upgraded the game from 0.26-a0-683-g5206c1d7ac to
                  | 0.26-a0-690-gcb57259078
    24 | D:5      | Noticed an orc priest
    91 | D:4      | Noticed an orc wizard
   100 | D:4      | Noticed a hound
   215 | D:5      | Found a staircase to the Ecumenical Temple.
   228 | D:5      | Reached XP level 2. HP: 21/27 MP: 2/2
   241 | D:5      | Found a glowing drain.
   257 | Sewer    | Entered a sewer
   271 | Sewer    | Reached XP level 3. HP: 12/33 MP: 3/3
   665 | Sewer    | Noticed a big kobold
   679 | Sewer    | Slain by a big kobold

Illustrated notes

Levels and vault maps discovered:
D:4:      layout_basic
D:5:      layout_rooms, temple_pool_b, portal_sewer_entry_a
Sewer:    sewer_kobolds

Skill      XL: |  1  2 |
---------------+-------+-----
Axes           | 3 |  3.3
Fighting       | |  3.5
Dodging        | |  1.5
Stealth        | |  3.3

Action                   || total
-------------------------++-------
Melee: Hand axe          ||    56
       Tailslap          ||     9
 Abil: Rolling Charge    ||     8
  Use: Scroll            ||     2
       Potion            ||     1
 Stab: Fleeing           ||     1
Armor: Leather armour    ||    13
Dodge: Dodged            ||    25

Table legend: (Time is in decaauts)
 A = Elapsed time spent in this place.
 B = Non-inter-level travel time spent in this place.
 C = Inter-level travel time spent in this place.
 D = Time resting spent in this place.
 E = Time spent auto-exploring this place.
 F = Levels seen in this place.
 G = Mean time per level.
                   A        B        C        D        E       F      G
               +--------+--------+--------+--------+--------+-----+--------+
         Total |    699 |    699 |      0 |    385 |     84 |   3 |  233.0 |
       Dungeon |    261 |    261 |      0 |     95 |     27 |   2 |  130.5 |
         Sewer |    437 |    437 |      0 |    290 |     57 |   1 |  437.0 |
               +--------+--------+--------+--------+--------+-----+--------+

Top non-repeatable levels by time:
   Sewer: 437 daAuts
     D:5: 234 daAuts
     D:4: 26 daAuts
